 Dungeon Crawl Stone Soup version 0.30.1-1-g62c8e00024 (webtiles) character file.

Game seed: 9345690051771484455

93 Gorgoleon the Digger (level 4, -26/24 HPs)
             Began as a Gargoyle Earth Elementalist on July 15, 2023.
             Killed by an exploding hobgoblin (35 damage)
             ... ignited by their inner flame
             ... on level 3 of the Dungeon.
             The game lasted 00:08:17 (1935 turns).

Gorgoleon the Digger (Gargoyle Earth Elementalist)  Turns: 1935, Time: 00:08:18

Health: -26/24     AC:  5    Str: 12    XL:     4   Next: 61%
Magic:  6/7        EV: 11    Int: 17    God:
Gold:   143        SH:  0    Dex: 10    Spells: 1/7 levels left

rFire   . . .        m - +1 dagger (elec)
rCold   . . .        (no shield)
rNeg    + . .        a - +0 robe
rPois   ∞            (no helmet)
rElec   +            (no cloak)
rCorr   .            (no gloves)
SInv    .            (no boots)
Will    .....        (no amulet)
Stlth   ++           (no ring)
HPRegen 0.24/turn    (no ring)
MPRegen 0.10/turn

%: no passive effects
@: no status effects
A: sickness immunity, AC +3, negative energy resistance 1, electricity
resistance, torment resistance 1, petrification resistance
a: no special abilities


You were on level 3 of the Dungeon.
You visited 1 branch of the dungeon, and saw 3 of its levels.

You collected 143 gold pieces.

Inventory:

Hand Weapons
 c - the +1 dagger of Tinwuong {pain, rPois Str-2 Int+2 Dex+6}
   (You found it on level 3 of the Dungeon)

   Str:       It affects your strength (-2).
   Int:       It affects your intelligence (+2).
   Dex:       It affects your dexterity (+6).
   rPois:     It protects you from poison.
 j - a +2 dagger of venom
 m - a +1 dagger of electrocution (weapon)
Armour
 a - a +0 robe (worn)
Scrolls
 f - a scroll of immolation
 g - a scroll of teleportation {unknown}
 i - a scroll of noise {unknown}
 l - a scroll of enchant weapon {unknown}
Potions
 b - a potion of magic
 e - a potion of curing
 h - a potion of mutation {unknown}
 k - a potion of attraction {unknown}


   Skills:
 - Level 1.5 Dodging
 - Level 2.1 Stealth
 - Level 2.0 Spellcasting
 - Level 0.7 Transmutations
 + Level 6.3 Earth Magic


You had one spell level left.
You knew the following spells:

 Your Spells              Type           Power      Damage    Failure   Level
a - Sandblast             Erth           46%        2d11      1%          1
b - Stone Arrow           Conj/Erth      24%        3d8       16%         3
c - Passwall              Tmut/Erth      10%        N/A       7%          2

Your spell library contained the following spells:

 Spells                   Type           Power      Damage    Failure   Level
 Blink                    Tloc           2%         N/A       28%         2
 Petrify                  Tmut/Erth      13%        N/A       41%         4
 Manifold Assault         Tloc           1%         N/A       88%         4
 Storm Form               Tmut/Air       1%         N/A       100%        7


Dungeon Overview and Level Annotations

Branches:
Dungeon (3/15)

Altars:

Portals:
Sewer: D:3

Annotations:
D:3 Robin


Innate Abilities, Weirdness & Mutations

You are immune to sickness and miasma.
Your stone body is resilient. (AC +3)
You are immune to poison.
You resist negative energy. (rN+)
You are resistant to electric shocks. (rElec)
You are resistant to unholy torment.
You are immune to petrification.


Message History

The hobgoblin hits you but does no damage.
The goblin hits you with a +0 dagger. The goblin completely misses you.
You hit the hobgoblin.
The hobgoblin is severely wounded.
The goblin hits you with a +0 dagger. The hobgoblin barely misses you.
The goblin hits you with a +0 dagger.
You barely miss the hobgoblin.
The hobgoblin is severely wounded.
The goblin barely misses you. The hobgoblin closely misses you.
The goblin hits you but does no damage. The goblin hits you with a +3 dagger.
* * * LOW HITPOINT WARNING * * *
As you read the scroll labelled RYRPHU SOUVAK, it crumbles to dust.
It is a scroll of amnesia.
Really abort (and waste the scroll)?
Okay, then.
The hobgoblin closely misses you. The goblin barely misses you.
The goblin hits you but does no damage. The goblin closely misses you.
As you read the scroll labelled DUEXUS AVVESCH, it crumbles to dust.
The creatures around you are filled with an inner flame!
It was a scroll of immolation.
The hobgoblin hits you but does no damage.
The goblin closely misses you. The goblin hits you with a +3 dagger.
* * * LOW HITPOINT WARNING * * *
The goblin barely misses you.
It was a potion of curing.
You feel better. The goblin hits you with a +0 dagger.
The hobgoblin barely misses you. The goblin closely misses you.
The goblin misses you.
You closely miss the hobgoblin.
The hobgoblin is severely wounded.
The goblin closely misses you. The hobgoblin barely misses you.
The goblin hits you with a +3 dagger. The goblin hits you but does no damage.
Unknown command.
Aiming: Sandblast (safe; 1% risk of failure)
Press: ? - help, Q - select action, (/) - cycle Shift-Dir - straight line, f - hobgoblin
Aim: a hobgoblin (severely wounded, inner flame, 83% to hit)
The blast of sand hits the hobgoblin!
The hobgoblin explodes!
You feel a bit more experienced. The fiery explosion engulfs you!!
Ouch! That really hurt!
You die...

,,,,,,,,,*,#..~~~~~~~...,,,,*
,,,,,,,,,*,,..~~~∩~~~..,.,,,*
,,,,,,,,,*,#,~~~~~~~~~,..,,,*****
*,,,******.#.*~~~~~~~*...,,,,,,,,
**,,,,,,,,....,~~~~~,....,,,*****
*,,,,,......g.#~..#.....,,,*
*,,,,,....g.#...o§..#..,,,,*
*,,,,,..g...#*##§####...,,,*
**,,,,,.ggg...*#@g§.......,,*
,,,,,,,.......*#gg........***
,,,,,,,.....g.*#g.........*
,,,,,,,.......##..........*
,,*****+*#................* ,,,,*
*,*#.##.............* ,,,,*
*,,,,##.............* ,,,,*
**,.>...............* ,,,,*
*,..........#######*


You could see an orc (inner flame) and 4 goblins.

Vanquished Creatures
  An adder (D:2)
  2 worms
  2 dart slugs (D:1)
  5 orcs
  5 bats
  3 endoplasms
  3 giant cockroaches
  7 goblins
  14 hobgoblins
  4 jackals
  3 quokkas
  7 ball pythons
  2 kobolds
  4 rats
62 creatures vanquished.

Notes
Turn   | Place    | Note
-------+----------+-------------------------------------------
     0 | D:1      | Gorgoleon the Gargoyle Earth Elementalist began the quest
                  | for the Orb.
     0 | D:1      | Reached XP level 1. HP: 10/10 MP: 3/3
    76 | D:1      | Reached skill level 4 in Earth Magic
   173 | D:1      | Reached XP level 2. HP: 15/15 MP: 1/5
   620 | D:1      | Reached skill level 5 in Earth Magic
   620 | D:1      | Reached XP level 3. HP: 19/19 MP: 3/6
   815 | D:1      | You fall into a shaft and drop 1 floor!
  1366 | D:2      | Reached XP level 4. HP: 24/24 MP: 4/7
  1522 | D:2      | Learned a level 3 spell: Stone Arrow
  1525 | D:2      | Learned a level 2 spell: Passwall
  1673 | D:3      | Reached skill level 6 in Earth Magic
  1830 | D:3      | Identified the +1 dagger of Tinwuong {pain, rPois Str-2
                  | Int+2 Dex+6}
  1844 | D:3      | Noticed Robin
  1913 | D:3      | Found a glowing drain.
  1935 | D:3      | Killed by an exploding hobgoblin... ignited by their inner
                  | flame

Illustrated notes

Levels and vault maps discovered:
D:1:      dpeg_arrival_central, layout_loops_ring,
          chequers_serial_rivers_micro_a, minmay_surrounded
D:2:      wander_river, layout_rooms, corexii_shack, minmay_bisected
D:3:      layout_basic, mainiacjoe_overflow_surrounded_room,
          cheibrodos_sewer_entry_drain, uniq_robin

Skill      XL: |  1  2  3  4 |
---------------+-------------+-----
Earth Magic    | 4 5 6 |  6.3
Dodging        | |  1.5
Stealth        | |  2.1
Spellcasting   | |  2.0
Transmutations | |  0.7

Action                     |  1- 3 |  4- 6 || total
---------------------------+-------+-------++-------
  Melee: Dagger            |    33 |    29 ||    62
         Short sword       |     4 |    25 ||    29
         Punch             |       |     1 ||     1
   Cast: Sandblast         |    35 |    20 ||    55
    Use: Scroll            |       |     3 ||     3
         Potion            |       |     1 ||     1
   Stab: Sleeping          |     4 |       ||     4
 Armour: Robe              |    19 |    33 ||    52
  Dodge: Dodged            |    34 |    79 ||   113
